 Dungeon Crawl Stone Soup version 0.30.0-30-g96aa6591b8 (webtiles) character file.

Game seed: 6581931097112046316

3957 cdecastro the Slicer (level 10, -5/63 HPs)
             Began as a Merfolk Summoner on June 26, 2023.
             Was an Initiate of Gozag.
             Slain by a +0 spectral quarterstaff (6 damage)
             ... created by Joseph
             ... on level 7 of the Dungeon.
             The game lasted 00:30:25 (8974 turns).

cdecastro the Slicer (Merfolk Summoner)             Turns: 8974, Time: 00:30:26

Health: -5/63      AC:  5    Str:  9    XL:     10   Next: 21%
Magic:  18/24      EV: 12    Int: 19    God:    Gozag
Gold:   1328       SH:  0    Dex: 14    Spells: 7/16 levels left

rFire   . . .        a - +1 dagger (venom)
rCold   . . .        (no shield)
rNeg    . . .        x - +0 troll leather armour
rPois   .            (no helmet)
rElec   .            B - +0 cloak
rCorr   .            (no gloves)
SInv    .            (no boots)
Will    .....        (no amulet)
Stlth   ++++         w - ring of magical power
HPRegen 1.10/turn    n - ring of wizardry
MPRegen 0.19/turn

%: wizardry (x1)
@: no status effects
A: (nimble swimmer 2), mertail
a: Renounce Religion, Potion Petition, Call Merchant, Bribe Branch


You were on level 7 of the Dungeon.
You worshipped Gozag.
Gozag was most pleased with you.
You visited 2 branches of the dungeon, and saw 9 of its levels.

You collected 2366 gold pieces.
You spent 1038 gold pieces at shops.

Inventory:

Hand Weapons
 a - a +1 dagger of venom (weapon)
 b - a +2 dagger of speed
 f - a +4 falchion
 g - a +2 dagger of flaming
Armour
 x - a +0 troll leather armour (worn)
 B - a +0 cloak (worn)
Jewellery
 n - a ring of wizardry (right hand)
 w - a ring of magical power (left hand)
Wands
 h - a wand of polymorph (1)
 o - a wand of paralysis (5)
 y - a wand of mindburst (17)
Scrolls
 c - 2 scrolls of fog
 d - 3 scrolls of teleportation {unknown}
 i - 2 scrolls of poison
 j - 3 scrolls of magic mapping
 k - 3 scrolls of vulnerability {unknown}
 m - 5 scrolls of amnesia
 q - a scroll of blinking {unknown}
 v - 2 scrolls of noise {unknown}
 A - a scroll of torment {unknown}
 C - 3 scrolls of enchant weapon
 D - a scroll of identify
 E - a scroll of immolation {unknown}
Potions
 e - a potion of cancellation
 l - a potion of might
 p - a potion of curing
 r - 2 potions of lignification
 s - a potion of haste
 t - a potion of magic
 u - a potion of mutation
 z - a potion of brilliance


   Skills:
 - Level 10.3 Short Blades
 - Level 2.6 Dodging
 * Level 8.6 Stealth
 + Level 3.8 Spellcasting
 - Level 9.4 Summonings


You had 7 spell levels left.
You knew the following spells:

 Your Spells              Type           Power      Damage    Failure   Level
a - Summon Small Mammal   Summ           100%       N/A       1%          1
b - Call Imp              Summ           78%        N/A       1%          2
c - Call Canine Familiar  Summ           39%        N/A       1%          3
d - Summon Guardian Gole  Hex/Summ       21%        N/A       3%          3

Your spell library contained the following spells:

 Spells                   Type           Power      Damage    Failure   Level
 Summon Lightning Spire   Summ/Air       21%        N/A       12%         4
 Gell's Gravitas          Tloc           3%         N/A       24%         3
 Hailstorm                Conj/Ice       3%         3d3       24%         3
 Teleport Other           Tloc           3%         N/A       24%         3
 Ice Form                 Ice/Tmut       3%         N/A       58%         4
 Dispersal                Tloc           1%         N/A       100%        6
 Simulacrum               Ice/Necr       Unusable   N/A       N/A         6

Dungeon Overview and Level Annotations

Branches:
Dungeon (8/15)             Temple (1/1) D:4
   Lair: D:8-11

Altars:
Ashenzari
Cheibriados
Dithmenos
Fedhas
Gozag
Hepliaklqana
Kikubaaqudgha
Makhleb
Okawaru
Qazlal
Ru
Sif Muna
Trog
Uskayaw
Vehumet
Wu Jian
Xom
Zin
The Shining One

Annotations:
D:7 vault need dig, 3 runed translucent doors, Joseph; passiveaggressive's ghost, novice KoBr
D:8 Erica


Innate Abilities, Weirdness & Mutations

((You are very nimble when in or above water. (Stealth+, EV+, Speed+++)))
Your lower body shifts to a powerful aquatic tail in water.


Message History

The yak gores you.
Joseph hits you with a +0 spectral quarterstaff!
The +0 spectral quarterstaff hits you.
A +0 spectral quarterstaff comes into view.
There is a stone staircase leading up, spattered with blood here.
Unknown command.
Unknown command.
Unknown command.
The yak gores you. Joseph barely misses you.
The +0 spectral quarterstaff hits you!
* * * LOW HITPOINT WARNING * * *
You climb upwards.
The +0 spectral quarterstaff disappears.
Level annotation: vault need dig, 3 runed translucent doors, passiveaggressive's ghost, novice KoBr Your wolf disappears in a puff of smoke!
There is a stone staircase leading down here.
Unknown command.
Unknown command.
Unknown command.
Unknown command.
Casting: Call Canine Familiar (safe; 1% risk of failure)
Confirm with . or Enter, or press ? or * to list all spells.
The yak gores you!
* * * LOW HITPOINT WARNING * * *
Joseph closely misses you. The +0 spectral quarterstaff hits you.
* * * LOW HITPOINT WARNING * * *
A +0 spectral quarterstaff comes into view.
Unknown command.
Unknown command.
Unknown command.
Casting: Call Canine Familiar (safe; 1% risk of failure)
Confirm with . or Enter, or press ? or * to list all spells.
A guardian golem appears, shielding your allies.
The yak gores you!
* * * LOW HITPOINT WARNING * * *
Joseph hits you with a +0 spectral quarterstaff.
* * * LOW HITPOINT WARNING * * *
The +0 spectral quarterstaff hits you.
You die...
Your body crumbles into a pile of gold.

...[.###...#.#......# #..#.#.#...
.#.### #.#.)........###.........#
.#.#####.####....[..#....#.#.#.##
.#.......####.......#.##.......##
'##########.........#.###########
.......# #.#.........# #.....
.......# #.#........## #.....
#.#....####.#..#h(..## #.....
............##9.@@### ##.....
#.#.....###.####Y## #......
....###.# #.# #.# ##.#.#.#
#######.###.####.# #.......
#...........#########..#.#.#
######..##.........#........
#..........).........#.#.#.#
#.####.[...........###...... #.#
#.)###+++###### #######


You could see Joseph (ally target), a yak (ally target), a +0 spectral
quarterstaff (wandering), a friendly guardian golem (summoned) and a friendly
hound (summoned, sheltered).

Vanquished Creatures
  A yak (D:8)
  A steam dragon (D:5)
  A water moccasin (D:8)
  An ice beast (D:5)
  A sky beast (D:6)
  3 black bears
  An ogre (D:5)
  2 phantoms
  A centaur (D:8)
  2 kobold brigands (D:7)
  A bullfrog (D:7)
  4 scorpions
  4 wights
  A killer bee (D:6)
  A hound (D:5)
  A jelly (D:6)
  5 orc priests
  An iguana (D:5)
  3 orc wizards
  4 adders
  2 shadow imps (D:7)
  3 white imps
  An ufetubus (D:5)
  3 worms
  4 dart slugs
  26 orcs
  6 bats
  4 endoplasms
  6 giant cockroaches
  9 goblins
  7 hobgoblins
  2 jackals (D:4)
  14 kobolds
  4 quokkas
  7 ball pythons
  3 frilled lizards
  6 rats
146 creatures vanquished.

Vanquished Creatures (collateral kills)
  A wyvern (D:8)
  2 sky beasts (D:7)
  An ice beast (D:6)
  An ogre (D:4)
  3 wights
  A hound (D:7)
  2 jellies
  An orc priest (D:7)
  A sleepcap (D:4)
  An orc wizard (D:6)
  2 adders
  9 orcs
  A giant cockroach (D:1)
  4 goblins (D:2)
  4 hobgoblins
  4 kobolds
  A quokka (D:2)
  2 ball pythons
  A frilled lizard (D:2)
42 creatures vanquished.

Vanquished Creatures (others)
  3 yaks (D:8)
  A bullfrog (D:7)
  3 wights (D:7)
  An orc priest (D:7)
  An orc (D:7)
9 creatures vanquished.

Grand Total: 197 creatures vanquished

Notes
Turn   | Place    | Note
-------+----------+-------------------------------------------
     0 | D:1      | cdecastro the Merfolk Summoner began the quest for the Orb.
     0 | D:1      | Reached XP level 1. HP: 13/13 MP: 3/3
   168 | D:1      | You fall into a shaft and drop 1 floor!
   187 | D:2      | Reached XP level 2. HP: 16/19 MP: 1/5
   465 | D:2      | Reached XP level 3. HP: 24/24 MP: 4/6
   471 | D:2      | Reached skill level 5 in Summonings
   853 | D:1      | Learned a level 2 spell: Call Imp
   857 | D:1      | Learned a level 3 spell: Call Canine Familiar
  1045 | D:1      | Found a faded altar of an unknown god.
  1103 | D:1      | Prayed at the altar of an unknown god.
  1103 | D:1      | Became a worshipper of Gozag Ym Sagoz the Greedy
  1328 | D:2      | Reached XP level 4. HP: 27/30 MP: 4/7
  2517 | D:3      | Reached XP level 5. HP: 34/35 MP: 8/8
  2606 | D:3      | Found an iron altar of Okawaru.
  3091 | D:4      | Reached skill level 1 in Short Blades
  3097 | D:4      | Noticed a phantom
  3230 | D:2      | Killed a phantom
  3231 | D:2      | Reached skill level 3 in Short Blades
  3231 | D:2      | Reached XP level 6. HP: 19/41 MP: 0/9
  3372 | D:4      | Noticed a black bear
  3386 | D:3      | Killed a black bear
  3387 | D:3      | Reached skill level 4 in Short Blades
  3905 | D:4      | Learned a level 3 spell: Summon Guardian Golem
  4010 | D:4      | Found a staircase to the Ecumenical Temple.
  4021 | Temple   | Entered the Ecumenical Temple
  4240 | D:4      | Found a stormy altar of Qazlal.
  4251 | D:4      | Reached XP level 7. HP: 18/46 MP: 6/10
  4466 | D:4      | Reached skill level 5 in Short Blades
  4591 | D:4      | Reached skill level 6 in Short Blades
  4961 | D:4      | Found an ornate altar of the Wu Jian Council.
  5053 | D:5      | Entered Level 5 of the Dungeon
  5159 | D:5      | Found a shimmering altar of Xom.
  5227 | D:5      | Found a radiant altar of Vehumet.
  5227 | D:5      | Found a faded altar of an unknown god.
  5234 | D:5      | Found a faded altar of an unknown god.
  5236 | D:5      | Found a burning altar of Makhleb.
  5238 | D:5      | Found an opulent altar of Gozag.
  5365 | D:5      | Reached skill level 7 in Short Blades
  5496 | D:5      | Reached XP level 8. HP: 37/52 MP: 11/11
  5778 | D:5      | Found Jeshunosch's Magic Scroll Boutique.
  5783 | D:5      | Bought a scroll of fear for 44 gold pieces
  5783 | D:5      | Bought a scroll of summoning for 104 gold pieces
  5783 | D:5      | Bought a scroll of acquirement for 572 gold pieces
  5783 | D:5      | Bought a scroll of identify for 22 gold pieces
  5783 | D:5      | Acquired 892 gold pieces
  5787 | D:5      | Bought a scroll of fog for 44 gold pieces
  5787 | D:5      | Bought a scroll of amnesia for 44 gold pieces
  5787 | D:5      | Bought a scroll of magic mapping for 82 gold pieces
  5787 | D:5      | Bought a scroll of poison for 44 gold pieces
  5787 | D:5      | Bought a scroll of enchant weapon for 82 gold pieces
  6108 | D:5      | Found a glowing silver altar of Zin.
  6109 | D:5      | Noticed an angel
  6166 | D:5      | Reached skill level 8 in Short Blades
  6764 | D:5      | Reached skill level 9 in Short Blades
  6950 | D:6      | Reached XP level 9. HP: 49/57 MP: 12/12
  7018 | D:6      | Reached skill level 10 in Short Blades
  7931 | D:7      | Reached skill level 5 in Stealth
  8265 | D:7      | Found a sacrificial altar of Ru.
  8297 | D:7      | Found a runed translucent gate.
  8298 | D:7      | Found a runed translucent gate.
  8298 | D:7      | Noticed passiveaggressive's ghost (novice KoBr)
  8299 | D:7      | Found a runed translucent gate.
  8514 | D:8      | Noticed Erica
  8726 | D:8      | Reached XP level 10. HP: 63/63 MP: 15/15
  8841 | D:8      | Noticed a kobold demonologist
  8925 | D:8      | Noticed Joseph
  8974 | D:7      | HP: 1/63 [Joseph/+0 spectral quarterstaff (5)]
  8974 | D:7      | Slain by a +0 spectral quarterstaff

Illustrated notes

Levels and vault maps discovered:
D:1:      dpeg_arrival_pits, layout_basic, basic_ecumenical_altar
D:2:      layout_loops_ring, minmay_misc_feat_iff
D:3:      layout_loops_corners, mainiacjoe_overflow_24_doors
D:4:      cheibrodos_pilgrimage, layout_basic, pdpol_wu_jian_five_deadly_venoms,
          mainiacjoe_overflow_cross_hatched, minmay_temple_entry_gardened_gates,
          minmay_starry_boxes
D:5:      minmay_general_purpose_star, layout_rooms, kennysheep_mini_moat,
          zin_angel, chequers_temple_overflow_minitemple, serial_shops, shop,
          grunt_decor_junction, st_stairs_4, hangedman_decor_slide_cut
D:6:      layout_rooms
D:7:      layout_basic, kennysheep_little_box, gammafunk_ghost_necromancy,
          serial_glass, glass_columns_a, glass_columns_a, glass_columns_a,
          glass_columns_b, glass_columns_b, glass_columns_a, glass_columns_b,
          glass_columns_c, glass_columns_b, glass_columns_b, glass_columns_a,
          glass_columns_a, glass_columns_a, glass_columns_c, due_unseen_surprise
D:8:      layout_rooms, nicolae_overflow_hidden_temple, minmay_lair_entry_grove,
          minmay_misc_feat_x, uniq_joseph, uniq_erica
Temple:   eino_temple_lava

Skill      XL: |  1  2  3  4  5  6  7  8  9 10 |
---------------+-------------------------------+-----
Summonings     | 5 6 7 8 9 |  9.4
Short Blades   | 3 4 7 9 10 | 10.3
Stealth        | 7 8 |  8.6
Spellcasting   | 3 |  3.8
Dodging        | |  2.6

Action                     |  1- 3 |  4- 6 |  7- 9 | 10-12 || total
---------------------------+-------+-------+-------+-------++-------
  Melee: Unarmed           |    39 |       |       |       ||    39
         Dagger            |    78 |   194 |   387 |    35 ||   694
         Punch             |     2 |       |     8 |       ||    10
         Tailslap          |       |       |    10 |       ||    10
   Cast: Summon Small Mamm |    34 |    11 |       |       ||    45
         Call Imp          |     2 |     7 |    21 |     1 ||    31
         Call Canine Famil |       |    10 |    31 |     4 ||    45
         Summon Guardian G |       |       |     8 |     2 ||    10
  Evoke: Wand              |       |       |     1 |       ||     1
    Use: Potion            |     1 |       |       |       ||     1
         Scroll            |       |       |    10 |     1 ||    11
   Stab: Distracted        |     1 |     4 |     4 |       ||     9
         Sleeping          |       |     7 |     5 |       ||    12
 Armour: Robe              |    31 |    31 |     1 |       ||    63
         Troll leather arm |       |       |    53 |     4 ||    57
  Dodge: Dodged            |   102 |   128 |   167 |    13 ||   410
